 Dungeon Crawl Stone Soup version 0.28-a0-649-g2b6bb2fd11 (webtiles) character file.

Game seed: 16475076795367877883

0 Gargoyl the Skirmisher (level 1, -5/23 HPs)
             Began as a Gnoll Abyssal Knight on Oct 11, 2021.
             Was a Follower of Lugonu.
             Slain by a rakshasa (18 damage)
             ... on level 2 of the Abyss.
             The game lasted 00:00:48 (342 turns).

Gargoyl the Skirmisher (Gnoll Abyssal Knight)        Turns: 342, Time: 00:00:49

Health: -5/23      AC:  6    Str: 12    XL:     1   Next: 0%
Magic:  2/3        EV: 11    Int:  9    God:    Lugonu [*.....]
Gold:   101        SH:  0    Dex: 12    Spells: 0/0 levels left

rFire   . . .      SeeInvis .   a - +1 hand axe
rCold   . . .      Faith    .   (no shield)
rNeg    . . .      Spirit   .   c - +0 ring mail
rPois   .          Reflect  .   (no helmet)
rElec   .          Harm     .   (no cloak)
rCorr   .          Rampage  .   (no gloves)
Will    .....                   (no boots)
Stlth   +.........              (no amulet)
HPRegen 0.07/turn               (no ring)
MPRegen 0.08/turn               (no ring)

@: lethally poisoned (-5 -> -29)
A: fangs 1, strong nose, distributed training
a: Renounce Religion, Depart the Abyss


You were on level 2 of the Abyss.
You worshipped Lugonu.
Lugonu was aware of your devotion.
You visited 0 branches of the dungeon, and saw 0 of its levels.
You visited the Abyss 1 time.

You collected 101 gold pieces.

Inventory:

Hand Weapons
 a - a +1 hand axe (weapon)
Armour
 b - the +2 chain mail of Purocwocurch {rElec rPois Regen+ Str-5}
   (You found it on level 2 of the Abyss)

   Str:       It affects your strength (-5).
   rElec:     It insulates you from electricity.
   rPois:     It protects you from poison.
   Regen:     It increases your rate of health regeneration.
 c - a +0 ring mail (worn)


   Skills:
 + Level 6.4 Fighting
 + Level 0.0 Short Blades
 + Level 0.0 Long Blades
 + Level 4.4 Axes
 + Level 0.0 Maces & Flails
 + Level 0.0 Polearms
 + Level 0.0 Staves
 + Level 0.0 Slings
 + Level 0.0 Bows
 + Level 0.0 Crossbows
 + Level 0.0 Throwing
 + Level 4.4 Armour
 + Level 2.3 Dodging
 + Level 0.0 Stealth
 + Level 0.0 Shields
 + Level 0.0 Unarmed Combat
 + Level 0.0 Spellcasting
 + Level 0.0 Conjurations
 + Level 0.0 Hexes
 + Level 0.0 Summonings
 + Level 0.0 Necromancy
 + Level 0.0 Translocations
 + Level 0.0 Transmutations
 + Level 0.0 Fire Magic
 + Level 0.0 Ice Magic
 + Level 0.0 Air Magic
 + Level 0.0 Earth Magic
 + Level 0.0 Poison Magic
 + Level 4.4 Invocations
 + Level 0.0 Evocations


You couldn't memorise any spells.
You didn't know any spells.
Your spell library was empty.

Dungeon Overview and Level Annotations

Branches:
Dungeon (0/15)

Altars:


Innate Abilities, Weirdness & Mutations

You have very sharp teeth.
Your uncanny sense of smell can sniff out nearby items.
Your experience applies equally to all skills.


Message History

You drop a +0 leather armour.
Found 21 arrows.
You see here 21 arrows.
Found a gateway leading deeper into the Abyss.
There is a gateway leading deeper into the Abyss here.
You plunge deeper into the Abyss.
A starcursed mass comes into view.
You are suddenly pulled into a different region of the Abyss!
Found an encrusted short sword.
You now have 41 gold pieces.
Found a gateway leading out of the Abyss.
You now have 101 gold pieces (gained 60).
A tentacled starspawn comes into view.
A tentacled starspawn is nearby!
A starspawn tentacle comes into view.
A starspawn tentacle comes into view.
Done exploring.
Done exploring.
You start waiting.
A titan zombie comes into view.
A large abomination comes into view.
A rakshasa comes into view. It is wielding a +2 antimagic trident.
Found 54 gold pieces and a transparent chain mail.
An orange demon comes into view.
The orange demon screeches!
The rakshasa hits you with a +2 antimagic trident.
You feel your power leaking away.
A wretched star comes into view.
The orange demon barely misses you. x2
The rakshasa weaves an illusion.
The large abomination shimmers and seems to become two!
You see here the +2 chain mail of Purocwocurch {rElec rPois Regen+ Str-5}.
b - the +2 chain mail of Purocwocurch {rElec rPois Regen+ Str-5} The orange demon stings you.
You are lethally poisoned!
The orange demon poisons you! The orange demon closely misses you.
A starcursed mass comes into view.
The rakshasa hits you from afar with a +2 antimagic trident!!
Ouch! That really hurt!
You die...

#. #...#.# #
.## ########..#
.# ..
#..#X..##.$#
#..###X..###
#....X.#...###
##.....Z......#
#...##R...#....
#.#.#..##### ##
#....@.#
#...#4.#
#.......#
....*....#
#.##....##. #
.####X .# .. .
.# .. #


You could see a starcursed mass (wandering), a wretched star, a rakshasa, an
orange demon, 2 large abominations and a titan zombie.

Vanquished Creatures (others)
  2 starspawn tentacles (Abyss:2)
2 creatures vanquished.

Notes
Turn   | Place    | Note
-------+----------+-------------------------------------------
     0 | Abyss:1  | Gargoyl the Gnoll Abyssal Knight began the quest for the
                  | Orb.
     0 | Abyss:1  | Reached XP level 1. HP: 23/23 MP: 3/3
     7 | Abyss:1  | Found a corrupted altar of Lugonu.
   168 | Abyss:1  | Noticed a harpy skeleton
   239 | Abyss:2  | Noticed a starcursed mass
   293 | Abyss:2  | Noticed a tentacled starspawn
   327 | Abyss:2  | Noticed a titan zombie
   333 | Abyss:2  | Noticed a large abomination
   336 | Abyss:2  | Noticed a rakshasa
   339 | Abyss:2  | Noticed an orange demon
   340 | Abyss:2  | Noticed a wretched star
   341 | Abyss:2  | Identified the +2 chain mail of Purocwocurch {rElec rPois
                  | Regen+ Str-5}
   342 | Abyss:2  | Noticed a starcursed mass
   342 | Abyss:2  | Slain by a rakshasa

Illustrated notes

Levels and vault maps discovered:
Abyss:2:  base: Temple, hangedman_classic_abyss_death

Action                   || total
-------------------------++-------
Dodge: Dodged            ||     3

Table legend: (Time is in decaauts)
 A = Elapsed time spent in this place.
 B = Non-inter-level travel time spent in this place.
 C = Inter-level travel time spent in this place.
 D = Time resting spent in this place.
 E = Time spent auto-exploring this place.
 F = Levels seen in this place.
 G = Mean time per level.
                   A        B        C        D        E       F      G
               +--------+--------+--------+--------+--------+-----+--------+
         Total |    345 |    345 |      0 |     12 |    231 |   2 |  172.5 |
         Abyss |    345 |    345 |      0 |     12 |    231 |   2 |  172.5 |
               +--------+--------+--------+--------+--------+-----+--------+

Top non-repeatable levels by time:
 Abyss:1: 227 daAuts
 Abyss:2: 118 daAuts
